[Event "NOR-ch Women 2019"]
[Site "Bekkestua"]
[Date "2019.03.16"]
[Round "3.5"]
[White "Blauhut, Anna"]
[Black "Johnsen, Sylvia"]
[Result "0-1"]
[ECO "C54"]
[WhiteElo "1081"]
[BlackElo "1982"]
[Annotator "NA"]
[PlyCount "74"]
[EventDate "2019.03.15"]
[EventType "swiss"]
[EventCountry "NOR"]
[SourceTitle "playchess.com"]
[Source "ChessBase"]
[SourceQuality "1"]
[TimeControl "5400+30"]

1. e4 e5 2. Nf3 Nc6 3. Bc4 Bc5 4. c3 Nf6 5. d3 d6 6. Bb3 O-O 7. O-O Bg4 8. Nbd2 d5 {[%emt 0:03:24] C54: Giuoco Piano: 4 c3 Nf6, main lines with 5 d4 and 5 d3} (8... Qd7 9. Re1 Rad8 10. Qe2 Kh8 11. Nf1 Nh5 12. h3 f5 13. d4 fxe4 14. Nxe5 dxe5 15. Qxg4 exd4 16. Qxh5 Rf5 {1-0 (32) Asrian,K (2621)-Babujian,L (2439) Yerevan 2008}) 9. Qe2 d4 10. cxd4 $146 ({Predecessor:} 10. Re1 Bb6 11. h3 Bh5 12. Nf1 Ba5 13. Bd2 Nd7 14. Ng3 Bg6 15. Bc2 Bb6 16. a4 {½-½ (63) Verboven,A (1528)-Beheydt,D (1326) Blankenberge 2014}) 10... Nxd4 11. Qd1 c6 12. h3 Bxf3 13. Nxf3 Nxb3 14. Qxb3 Qc7 15. Bd2 Rfe8 16. Rfe1 Rad8 17. Rad1 h6 18. Bc3 Bd4 19. Bxd4 exd4 20. Qc4 Qb6 21. b3 Re7 22. Re2 (22. Nh4 $11) 22... Nd5 23. Nxd4 $2 (23. Rc2 $11 {and White is okay.} Nc3 24. Rdc1) 23... Nf4 24. Qc1 Nxe2+ 25. Nxe2 Qa6 (25... Qa5 $17 26. a4 Ree8) 26. Qc2 Qa5 27. Nc3 Qe5 28. f3 ({White should play} 28. Ne2 $1 $15) 28... Qc5+ 29. Kh1 Red7 $19 30. Qd2 Qd4 31. Qc2 Qe3 32. Qd2 Qxd2 33. Rxd2 Rxd3 34. Rxd3 Rxd3 35. Ne2 Rd2 36. Nc3 Rc2 37. Na4 b5 0-1

[Event "NOR-ch Women 2019"]
[Site "Bekkestua"]
[Date "2019.03.16"]
[Round "3.6"]
[White "Mrachek, Svetlana"]
[Black "Szemes, Eva Weston"]
[Result "1-0"]
[ECO "D03"]
[WhiteElo "1628"]
[BlackElo "1335"]
[Annotator "NA"]
[PlyCount "65"]
[EventDate "2019.03.15"]
[EventType "swiss"]
[EventCountry "NOR"]
[SourceTitle "playchess.com"]
[Source "ChessBase"]
[SourceQuality "1"]
[TimeControl "5400+30"]

1. d4 d5 2. Nf3 Nf6 3. Bg5 e6 4. e3 c5 5. c3 Nc6 6. Ne5 Bd6 7. Bb5 Bd7 8. Nxd7 Qxd7 9. Bxf6 gxf6 10. dxc5 Bxc5 11. b4 Bb6 12. Nd2 a6 13. Ba4 Bc7 14. b5 axb5 15. Bxb5 Rg8 16. g3 Qd6 17. a4 Ke7 18. O-O Rh8 19. Nf3 Rag8 20. Nd4 Nxd4 21. cxd4 h5 22. f4 h4 23. Rf3 hxg3 24. Rxg3 f5 25. Ra2 Qd8 26. Rag2 Rxg3 27. Rxg3 Rg8 28. Qh5 Rxg3+ 29. hxg3 Qg8 30. Kf2 Qg6 31. Qh8 Ba5 32. Be2 f6 33. Bh5 1-0

[Event "NOR-ch Women 2019"]
[Site "Bekkestua"]
[Date "2019.03.16"]
[Round "3.7"]
[White "Hina, Ariza"]
[Black "Lotz, Corinna"]
[Result "1-0"]
[ECO "B01"]
[WhiteElo "1594"]
[BlackElo "1334"]
[Annotator "NA"]
[PlyCount "127"]
[EventDate "2019.03.15"]
[EventType "swiss"]
[EventCountry "NOR"]
[SourceTitle "playchess.com"]
[Source "ChessBase"]
[SourceQuality "1"]
[TimeControl "5400+30"]

1. e4 d5 2. exd5 Qxd5 3. Nc3 Qa5 4. Bc4 Nf6 5. d3 c6 6. Bd2 e6 7. Nf3 Qc7 8. O-O Bd6 9. Qe2 O-O 10. Ne4 Nxe4 11. Qxe4 Nd7 12. Bc3 Nc5 13. Qg4 e5 14. Qh5 Be6 15. Ng5 h6 16. Nxe6 Nxe6 17. Bxe6 fxe6 18. Rae1 Rf5 19. Qg6 Rf6 20. Qg4 Re8 21. Qh5 Ref8 22. Bxe5 Rf5 23. Bxd6 Qxd6 24. Qe2 R8f6 25. Qe3 a6 26. a4 Rg6 27. Re2 Qd5 28. Qe4 Rff6 29. Qxd5 exd5 30. Rfe1 Rf7 31. Re7 Rgf6 32. f3 g5 33. R1e6 Kg7 34. Rxf7+ Rxf7 35. h3 h5 36. Kf2 h4 37. Ke3 c5 38. Re5 d4+ 39. Ke4 b6 40. Rxg5+ Kh6 41. f4 Re7+ 42. Re5 Rg7 43. Kf3 Rg3+ 44. Kf2 Rg6 45. f5 Rf6 46. Re6 Kg5 47. Rxf6 Kxf6 48. g4 hxg3+ 49. Kxg3 Kxf5 50. h4 b5 51. axb5 axb5 52. b3 Kg6 53. Kf4 Kh5 54. Ke5 Kxh4 55. Kd5 c4 56. Kxd4 cxb3 57. cxb3 Kg5 58. Kc5 b4 59. Kxb4 Kf6 60. Kc5 Ke7 61. Kd5 Kd7 62. d4 Kc7 63. Ke6 Kd8 64. d5 1-0

[Event "NOR-ch Women 2019"]
[Site "Bekkestua"]
[Date "2019.03.16"]
[Round "3.8"]
[White "Bjerke, Vilde"]
[Black "Eiding, Amanda Mai Irgens"]
[Result "0-1"]
[ECO "B21"]
[WhiteElo "1251"]
[BlackElo "1503"]
[Annotator "NA"]
[PlyCount "128"]
[EventDate "2019.03.15"]
[EventType "swiss"]
[EventCountry "NOR"]
[SourceTitle "playchess.com"]
[Source "ChessBase"]
[SourceQuality "1"]
[TimeControl "5400+30"]

1. e4 c5 2. d4 cxd4 3. c3 dxc3 4. Nxc3 Nc6 5. Nf3 Nf6 6. e5 Ng4 7. h3 Ngxe5 8. Nxe5 Nxe5 9. Bf4 Ng6 10. Bh2 e5 11. Bc4 Bb4 12. O-O Qc7 13. Qd5 O-O 14. Nb5 Qc6 15. a3 Qxd5 16. Bxd5 Ba5 17. b4 Bb6 18. Nd6 Rb8 19. Rfe1 Bd4 20. Rab1 b5 21. Kf1 Rb6 22. Nf5 Bb7 23. Bb3 Bc3 24. Re3 Bd2 25. Rd3 Be4 26. Rxd2 Bxb1 27. Ne3 Be4 28. Rxd7 Bc6 29. Rxa7 Ra8 30. Rxf7 Kh8 31. Nc2 Rb7 32. Rf5 Re7 33. Bg3 Be4 34. Rh5 Rc8 35. Ne3 Rc3 36. Bd5 Bd3+ 37. Kg1 Rxa3 38. Nf5 Bxf5 39. Rxf5 Ra4 40. h4 Re8 41. Bc6 Rf8 42. Rxf8+ Nxf8 43. Bxe5 Rxb4 44. Bd6 Rb1+ 45. Kh2 Ne6 46. Kg3 Kg8 47. Bd5 Kf7 48. Kf3 Rd1 49. Bxe6+ Kxe6 50. Bb4 Rd4 51. Bf8 Kf7 52. Bc5 Rxh4 53. g3 Rc4 54. Be3 b4 55. Ke2 b3 56. Kd3 b2 57. Kxc4 b1=Q 58. Kd4 Ke6 59. Kc3 Kf5 60. Kd2 g5 61. Ke2 h5 62. Kd2 h4 63. Bxg5 Kxg5 64. gxh4+ Kxh4 0-1

[Event "NOR-ch Women 2019"]
[Site "Bekkestua"]
[Date "2019.03.17"]
[Round "4.1"]
[White "Ayzenberg, Alena"]
[Black "Kyrkjebo, Hanna B."]
[Result "1/2-1/2"]
[ECO "E15"]
[WhiteElo "1908"]
[BlackElo "1896"]
[Annotator "NA"]
[PlyCount "104"]
[EventDate "2019.03.15"]
[EventType "swiss"]
[EventCountry "NOR"]
[SourceTitle "playchess.com"]
[Source "ChessBase"]
[SourceQuality "1"]
[TimeControl "5400+30"]

1. d4 Nf6 2. c4 e6 3. Nf3 b6 4. g3 Ba6 5. Qa4 Be7 6. Bg2 {[%emt 0:00:54] LiveBook: 168 Games} Bb7 7. Nc3 O-O 8. O-O d5 {[%emt 0:13:59] E15: Queen's Indian: 4 g3 sidelines, 4 g3 Ba6 and 4 g3 Bb7 early deviations} (8... Ne4 9. Qc2 Nxc3 10. Qxc3 c5 11. Rd1 d6 12. d5 exd5 13. cxd5 Bf6 14. Qc2 Nd7 15. Bf4 Qe7 16. e4 Rfe8 17. Re1 Ne5 18. Nxe5 Bxe5 19. Bxe5 Qxe5 20. f4 {½-½ (39) Mamedyarov,S (2747)-Ivanchuk,V (2710) Huaian 2016}) 9. Ne5 c6 10. Rd1 Qc8 11. e4 $146 (11. Bf4 $16) ({Predecessor:} 11. b3 Nbd7 12. Ba3 Bxa3 13. Qxa3 Nxe5 14. dxe5 {½-½ (39) Ubiennykh,E (2272)-Garder,I (2229) Novosibirsk 2010}) 11... dxc4 12. Qxc4 Nbd7 13. Nxd7 Qxd7 14. Bf4 Rfd8 15. Rac1 Rac8 16. Qa4 a6 17. Qb3 b5 18. h3 h6 19. g4 Qe8 20. Na4 Nd7 21. Nc5 Nxc5 22. dxc5 Rxd1+ 23. Qxd1 Rd8 24. Bd6 e5 $15 25. Qd3 Bc8 26. Rd1 Bxd6 27. cxd6 Qe6 28. Qa3 Kh7 29. Qc5 Bb7 30. Qb6 Rd7 31. b3 f6 32. Kh2 a5 33. Bf3 g5 34. Rd3 Ba8 35. Qxa5 Qe8 36. Qb4 Qb8 37. a4 Qb6 38. Kg2 Bb7 39. a5 Qa7 40. Rd2 Ba8 41. Rc2 Qd4 42. Qc5 Qxc5 43. Rxc5 Rxd6 44. Rc3 Kg7 45. Kf1 Kf7 46. Ke2 Ke7 47. Rd3 Rxd3 48. Kxd3 c5 49. Bg2 Kd6 50. Kc3 Bb7 51. b4 c4 52. f3 Kc6 1/2-1/2

[Event "NOR-ch Women 2019"]
[Site "Bekkestua"]
[Date "2019.03.17"]
[Round "4.2"]
[White "Kyrkjebo, Marte B."]
[Black "Dolzhikova, Olga"]
[Result "0-1"]
[ECO "B15"]
[WhiteElo "1830"]
[BlackElo "2223"]
[Annotator "NA"]
[PlyCount "106"]
[EventDate "2019.03.15"]
[EventType "swiss"]
[EventCountry "NOR"]
[SourceTitle "playchess.com"]
[Source "ChessBase"]
[SourceQuality "1"]
[TimeControl "5400+30"]

1. e4 g6 2. d4 Bg7 3. Nc3 c6 4. Be3 d5 5. Nf3 Bg4 6. Be2 e6 7. h3 {[%emt 0:03:46] B15: Caro-Kann: 3 Nc3: 3...g6 and 3...dxe4 4 Nxe4 Nf6 5 Nxf6+ exf6} Bxf3 $1 8. Bxf3 Nf6 (8... Nd7 9. O-O Ne7 10. Re1 O-O 11. Bg5 Re8 12. Qd2 Nb6 13. Rad1 Nc4 14. Qc1 f6 {1-0 (48) Low,Z (2377)-Studer,N (2494) Lienz 2019}) 9. O-O dxe4 $146 ({Predecessor:} 9... O-O 10. Qd2 b5 11. e5 Nfd7 12. Be2 a6 13. f4 Qc7 14. Nd1 {0-1 (44) Warmelink,E (1970)-Hirth,U (2108) Groningen 2009}) 10. Bxe4 Nd5 11. Nxd5 cxd5 12. Bd3 O-O 13. c3 Nc6 14. Qd2 Re8 15. Rfe1 Qa5 16. Bf4 Rad8 17. Qc2 b5 18. a3 Qb6 19. Qb3 a6 20. Re2 Rc8 21. Qd1 Red8 22. Qe1 a5 23. b4 $2 (23. h4 $14 {keeps the upper hand.}) 23... Ra8 $2 (23... axb4 $19 24. axb4 {[#]} Nxd4 $1 ) 24. Rb2 axb4 25. axb4 Rxa1 26. Qxa1 e5 27. Bxe5 Bxe5 28. dxe5 Nxe5 29. Bf1 Nc4 30. Bxc4 dxc4 31. Ra2 Rd3 32. Ra6 Qc7 33. Ra7 Qe5 34. Ra3 $2 (34. Qc1 $17) 34... Qe2 35. Kh2 Qxf2 36. Ra2 $19 (36. Ra8+ Kg7 37. Re8) 36... Qf4+ 37. Kg1 Qe3+ 38. Kh2 Qe5+ 39. Kg1 Rxc3 40. Qf1 Qe3+ 41. Qf2 Rc1+ 42. Kh2 Qxf2 43. Rxf2 Rb1 44. Re2 Rxb4 45. Re8+ Kg7 46. Rc8 Rb3 47. Kg1 c3 48. Kf2 b4 49. Rc4 Rb2+ 50. Kf3 c2 51. Ke3 b3 52. Kd2 Rb1 53. Rc3 Rd1+ 0-1

[Event "NOR-ch Women 2019"]
[Site "Bekkestua"]
[Date "2019.03.17"]
[Round "4.3"]
[White "Johnsen, Sylvia"]
[Black "Hina, Ariza"]
[Result "1-0"]
[ECO "A37"]
[WhiteElo "1982"]
[BlackElo "1594"]
[Annotator "NA"]
[PlyCount "75"]
[EventDate "2019.03.15"]
[EventType "swiss"]
[EventCountry "NOR"]
[SourceTitle "playchess.com"]
[Source "ChessBase"]
[SourceQuality "1"]
[TimeControl "5400+30"]

1. c4 c5 2. Nc3 Nc6 3. g3 g6 4. Bg2 Bg7 5. Nf3 e6 6. O-O Nge7 7. d3 O-O 8. Bg5 h6 9. Be3 {[%emt 0:01:14] A37: Symmetrical English vs ...g6: 4 Bg2 Bg7 5 Nf3} (9. Bd2 b6 10. a3 Bb7 11. Rb1 a5 12. Nb5 d5 13. Qc1 Kh7 14. Rd1 Qd7 15. e3 Rac8 16. Qc2 e5 17. cxd5 Nxd5 {½-½ (85) Almasi,Z (2682)-Ponkratov,P (2613) Riadh 2017}) 9... d6 10. Qc1 Kh7 11. Re1 $146 ({Predecessor:} 11. Rd1 Nf5 12. Bd2 Rb8 13. Rb1 Qd7 14. a3 b6 15. b4 Bb7 16. e3 Rfd8 {0-1 (32) Antonenko,V (2303)-Suleymenov,A (2293) Novosibirsk 2017}) 11... Nf5 12. Bd2 Nfd4 13. Nxd4 Nxd4 14. e3 Nc6 15. a3 Ne5 16. Qc2 Rb8 17. b4 b6 18. f4 Ng4 19. h3 Nf6 20. Rab1 Bb7 21. e4 d5 (21... Ng8 $11) 22. cxd5 exd5 23. e5 Ne8 $18 (23... Nd7 $16 24. Nb5 (24. Bxd5 Bxd5 25. Nxd5 Nxe5 $15 {[%mdl 64] Discovered Attack}) (24. Nxd5 Nxe5 25. Qb3 Bxd5 $15) 24... d4) 24. bxc5 d4 25. Ne4 bxc5 26. Qxc5 a6 27. Ba5 Qd7 28. Qa7 Qa4 29. Qxb8 Bxe4 30. Bxe4 Qxa5 31. Qb4 Qd8 32. Qb6 Qd7 33. Qxa6 Qxh3 34. Kf2 Qh2+ 35. Bg2 Qh5 36. Rh1 Qf5 37. Bh3 Qh5 38. Bd7 1-0

[Event "NOR-ch Women 2019"]
[Site "Bekkestua"]
[Date "2019.03.17"]
[Round "4.4"]
[White "Eiding, Amanda Mai Irgens"]
[Black "Mrachek, Svetlana"]
[Result "1-0"]
[ECO "C05"]
[WhiteElo "1503"]
[BlackElo "1628"]
[Annotator "NA"]
[PlyCount "114"]
[EventDate "2019.03.15"]
[EventType "swiss"]
[EventCountry "NOR"]
[SourceTitle "playchess.com"]
[Source "ChessBase"]
[SourceQuality "1"]
[TimeControl "5400+30"]

1. e4 e6 2. d4 d5 3. Nd2 Nf6 4. e5 Nfd7 5. Ngf3 c5 6. c3 cxd4 7. cxd4 Bb4 8. a3 Ba5 9. b4 Bb6 10. Bd3 Nc6 11. Nb3 f6 12. exf6 gxf6 13. O-O Nf8 14. Re1 Kf7 15. Bb2 Ne7 16. Nh4 h5 17. Qf3 f5 18. Bc1 Neg6 19. Nxg6 Nxg6 20. a4 Nh4 21. Qe3 Rg8 22. Bf1 Qf6 23. Qf4 Rg4 24. Qe3 Qg7 25. Qh3 Bd7 26. f3 Rxg2+ 27. Bxg2 Rg8 28. Ra2 Bxd4+ 29. Nxd4 Qxd4+ 30. Be3 Qxb4 31. Rea1 Qc3 32. Qxh4 Qxe3+ 33. Qf2 f4 34. Kf1 e5 35. Re1 Qd3+ 36. Qe2 Qxe2+ 37. Rexe2 Kf6 38. Red2 Bc6 39. Ra1 e4 40. Rd4 Ke5 41. Rad1 e3 42. Bh3 Rd8 43. Ke1 Rg8 44. Kf1 a6 45. Bd7 h4 46. Bg4 Kd6 47. Rxf4 Ke5 48. Rfd4 Rf8 49. Ke2 b5 50. axb5 Bxb5+ 51. Kxe3 Bc4 52. f4+ Kd6 53. Bf3 Kc5 54. Bxd5 Re8+ 55. Re4 Rxe4+ 56. Kxe4 Bxd5+ 57. Rxd5+ Kc4 1-0

[Event "NOR-ch Women 2019"]
[Site "Bekkestua"]
[Date "2019.03.17"]
[Round "4.5"]
[White "Bjorkly, Sara Marie Skaug"]
[Black "Larre, Linnea"]
[Result "0-1"]
[ECO "A46"]
[WhiteElo "1368"]
[BlackElo "1599"]
[Annotator "NA"]
[PlyCount "132"]
[EventDate "2019.03.15"]
[EventType "swiss"]
[EventCountry "NOR"]
[SourceTitle "playchess.com"]
[Source "ChessBase"]
[SourceQuality "1"]
[TimeControl "5400+30"]

1. d4 Nf6 2. Bf4 c5 3. e3 Nc6 4. Nf3 e6 5. c4 d5 6. Nc3 cxd4 7. exd4 g6 8. Be2 Bg7 9. O-O O-O 10. cxd5 Nxd5 11. Nxd5 Qxd5 12. Be5 Nxe5 13. dxe5 Rd8 14. Bc4 Qa5 15. Qe2 Bd7 16. Rfe1 Bc6 17. Ng5 Rd2 18. Qg4 Rxb2 19. Nxf7 Bd5 20. Bxd5 Qxd5 21. Ng5 Re8 22. Qf3 Qxf3 23. Nxf3 h6 24. Rab1 Rxa2 25. Rxb7 a5 26. Ra7 a4 27. Nd4 Bxe5 28. Nb5 Bg7 29. g4 Bf8 30. Ra6 Kf7 31. Nd6+ Bxd6 32. Rxd6 Rb2 33. Ra6 Rb4 34. Ra1 Rxg4+ 35. Kf1 Rc8 36. R1xa4 Rc1+ 37. Ke2 Rc2+ 38. Kf3 Rg5 39. Ra2 Rc3+ 40. Ke2 Rh5 41. R2a4 Rxh2 42. Rf4+ Ke7 43. Re4 Rc2+ 44. Kd3 Rcxf2 45. Rexe6+ Kf7 46. Rxg6 h5 47. Rgc6 Rd2+ 48. Kc3 Rc2+ 49. Kd3 Rxc6 50. Rxc6 Kg7 51. Ke3 Rg2 52. Kf3 Rg1 53. Kf2 Rg4 54. Rc1 Kf6 55. Rh1 Rg5 56. Rh4 Rf5+ 57. Kg2 Kg6 58. Rh3 Kh6 59. Kh2 Kg5 60. Rg3+ Kf4 61. Kh3 Re5 62. Rg2 Re1 63. Rf2+ Ke4 64. Rg2 Kf3 65. Kh2 h4 66. Rg5 Re2+ 0-1

[Event "NOR-ch Women 2019"]
[Site "Bekkestua"]
[Date "2019.03.17"]
[Round "4.6"]
[White "Lazareva, Emilie"]
[Black "Helliesen, Lykke-Merlot"]
[Result "0-1"]
[ECO "C48"]
[WhiteElo "1354"]
[BlackElo "1579"]
[Annotator "NA"]
[PlyCount "70"]
[EventDate "2019.03.15"]
[EventType "swiss"]
[EventCountry "NOR"]
[SourceTitle "playchess.com"]
[Source "ChessBase"]
[SourceQuality "1"]
[TimeControl "5400+30"]

1. e4 e5 2. Nf3 Nc6 3. Nc3 Nf6 4. Bb5 Bc5 5. Nxe5 Nxe5 6. d4 Bd6 7. dxe5 Bxe5 8. Bg5 h6 9. Bh4 c6 10. Bc4 O-O 11. O-O d6 12. f4 Bxc3 13. bxc3 Qb6+ 14. Bf2 Qa5 15. Qd3 Re8 16. Rfe1 b5 17. Bb3 Ba6 18. c4 b4 19. Qd4 c5 20. Qd3 Bb7 21. e5 dxe5 22. fxe5 Rad8 23. Qf5 Nh7 24. e6 fxe6 25. Rxe6 Rxe6 26. Qxe6+ Kh8 27. Qe5 Rc8 28. Rd1 Nf6 29. Rd4 Re8 30. Qf5 Bc8 31. Qg6 cxd4 32. Bxd4 Bd7 33. Bxf6 Qb6+ 34. c5 Qxc5+ 35. Kf1 Bb5+ 0-1

[Event "NOR-ch Women 2019"]
[Site "Bekkestua"]
[Date "2019.03.17"]
[Round "4.7"]
[White "Nordquelle, Amelia"]
[Black "Selvik, Elma"]
[Result "1-0"]
[ECO "D07"]
[WhiteElo "1595"]
[BlackElo "1329"]
[Annotator "NA"]
[PlyCount "115"]
[EventDate "2019.03.15"]
[EventType "swiss"]
[EventCountry "NOR"]
[SourceTitle "playchess.com"]
[Source "ChessBase"]
[SourceQuality "1"]
[TimeControl "5400+30"]

1. d4 d5 2. c4 e6 3. Nc3 Nc6 4. Nf3 Nf6 5. Bf4 Bd6 6. Bg3 dxc4 7. e4 Bb4 8. Bh4 Be7 9. Bxc4 O-O 10. O-O b6 11. Re1 Bb7 12. a3 Qd7 13. Qa4 Rfd8 14. Rad1 a6 15. d5 exd5 16. exd5 Na5 17. Qxd7 Rxd7 18. Ba2 c5 19. Ne5 Rdd8 20. d6 Rxd6 21. Rxd6 Bxd6 22. Nxf7 Bf8 23. Re6 c4 24. Ne5 b5 25. Bxf6 gxf6 26. Rxf6 Bg7 27. Re6 Rd8 28. h3 Bxe5 29. Rxe5 Rd2 30. Re2 Rd6 31. Bb1 Rd7 32. Bf5 Rg7 33. g4 Nb3 34. Re8+ Kf7 35. Rd8 a5 36. Nxb5 Ke7 37. Rd7+ Kf8 38. Rxg7 Kxg7 39. Be6 Nd2 40. f4 Kf6 41. Nd6 Kxe6 42. Nxb7 Nb3 43. Kf2 h6 44. Ke3 Kd5 45. Nd8 Nc5 46. Nf7 Na4 47. f5 Nxb2 48. h4 c3 49. g5 hxg5 50. hxg5 Kc4 51. Ne5+ Kb3 52. g6 c2 53. Kd2 Nd1 54. g7 Kb2 55. Nd3+ Kb1 56. g8=Q Nf2 57. Qb3+ Ka1 58. Qb2# 1-0

[Event "NOR-ch Women 2019"]
[Site "Bekkestua"]
[Date "2019.03.17"]
[Round "4.8"]
[White "Landsverk, Ida"]
[Black "Blauhut, Anna"]
[Result "1/2-1/2"]
[ECO "C66"]
[WhiteElo "1369"]
[BlackElo "1081"]
[Annotator "NA"]
[PlyCount "111"]
[EventDate "2019.03.15"]
[EventType "swiss"]
[EventCountry "NOR"]
[SourceTitle "playchess.com"]
[Source "ChessBase"]
[SourceQuality "1"]
[TimeControl "5400+30"]

1. e4 e5 2. Nf3 Nc6 3. Bb5 d6 4. O-O Nf6 5. Re1 Bd7 6. d4 exd4 7. Nxd4 Nxd4 8. Bxd7+ Qxd7 9. Qxd4 Be7 10. Nc3 O-O 11. Bg5 Rad8 12. Qxa7 c6 13. Rad1 Qc7 14. Qe3 h6 15. Bf4 Ng4 16. Qg3 h5 17. h3 Ne5 18. Ne2 h4 19. Qb3 Bf6 20. Be3 Nd7 21. Nd4 Bxd4 22. Bxd4 c5 23. Be3 Nf6 24. Bg5 Qc6 25. Bxh4 Rfe8 26. Bxf6 gxf6 27. Qg3+ Kf8 28. Qf4 Re6 29. Rd3 d5 30. Red1 d4 31. Qh6+ Ke7 32. f3 Kd7 33. c3 Kc7 34. cxd4 Red6 35. Qf4 Kc8 36. d5 Qb6 37. Rb3 c4+ 38. Qe3 cxb3 39. Qxb6 Rxb6 40. a3 Kc7 41. Kf2 Kd6 42. Ke3 Rc8 43. h4 Rc2 44. Rd2 Rb5 45. h5 Rc1 46. g4 Rbc5 47. Rd3 Rb5 48. Kf4 Rb6 49. Kf5 Ke7 50. f4 Rh1 51. d6+ Rxd6 52. Rxb3 b6 53. Rc3 Kf8 54. Rc8+ Kg7 55. Rb8 Rh2 56. b4 1/2-1/2

[Event "NOR-ch Women 2019"]
[Site "Bekkestua"]
[Date "2019.03.17"]
[Round "5.2"]
[White "Kyrkjebo, Hanna B."]
[Black "Johnsen, Sylvia"]
[Result "1-0"]
[ECO "C45"]
[WhiteElo "1896"]
[BlackElo "1982"]
[Annotator "NA"]
[PlyCount "87"]
[EventDate "2019.03.15"]
[EventType "swiss"]
[EventCountry "NOR"]
[SourceTitle "playchess.com"]
[Source "ChessBase"]
[SourceQuality "1"]
[TimeControl "5400+30"]

1. e4 e5 2. Nf3 Nc6 3. d4 exd4 4. Nxd4 Bc5 5. Nb3 Bb6 6. Nc3 Qf6 7. Qe2 Nge7 8. Be3 Bxe3 {[%emt 0:03:04] C45: Scotch Game} (8... Nd4 9. Nxd4 Bxd4 10. Bxd4 Qxd4 11. Rd1 Qb6 12. Qb5 O-O 13. Be2 d6 14. O-O Be6 15. a4 Nc6 16. Qxb6 axb6 {½-½ (34) Ghaem Maghami,E (2593)-Harikrishna,P (2657) Guangzhou 2010}) 9. Qxe3 Nb4 10. O-O-O O-O $146 ({Predecessor:} 10... d6 11. Bc4 Be6 12. Bxe6 fxe6 13. f4 O-O 14. Rhf1 Qh6 15. a3 Nbc6 16. g4 Qxh2 {0-1 (30) Garuchava,A-Tatsumi,K Batumi 2016}) 11. a3 Na6 12. f4 Qb6 13. Qf3 Nc5 14. Nxc5 Qxc5 15. f5 f6 16. g4 a5 17. h4 Nc6 18. g5 Ne5 19. Qg3 Nc4 20. Bxc4+ Qxc4 21. Rhg1 fxg5 22. Qxg5 Qf7 23. e5 Ra6 24. h5 Kh8 25. Nd5 h6 26. Qg4 Rc6 27. f6 gxf6 28. exf6 Rg8 29. Qxg8+ $2 (29. Qf4 Rg5 30. Rxg5 hxg5 31. Qxg5) 29... Qxg8 30. Rxg8+ Kxg8 31. Ne7+ Kf7 32. Nxc8 d6 33. Ne7 Rc5 34. Nd5 c6 35. Nc3 Rxh5 36. Rxd6 Rh1+ 37. Kd2 h5 $18 38. Ne4 h4 39. Ng5+ Kg6 40. f7+ Kg7 41. Rf6 Rh2+ 42. Ke3 Kxf6 43. f8=Q+ Kxg5 44. Qf4+ 1-0

[Event "NOR-ch Women 2019"]
[Site "Bekkestua"]
[Date "2019.03.17"]
[Round "5.3"]
[White "Larre, Linnea"]
[Black "Eiding, Amanda Mai Irgens"]
[Result "0-1"]
[ECO "A25"]
[WhiteElo "1599"]
[BlackElo "1503"]
[Annotator "NA"]
[PlyCount "50"]
[EventDate "2019.03.15"]
[EventType "swiss"]
[EventCountry "NOR"]
[SourceTitle "playchess.com"]
[Source "ChessBase"]
[SourceQuality "1"]
[TimeControl "5400+30"]

1. c4 e5 2. g3 Nc6 3. Bg2 Bc5 4. Nc3 a6 5. e3 Ba7 6. Nge2 d6 7. O-O h5 8. d4 h4 9. b3 Qg5 10. Qe1 hxg3 11. fxg3 Bh3 12. Qf2 f6 13. Ne4 Qh5 14. Bb2 Bg4 15. Rfe1 Qxh2+ 16. Kf1 Rh5 17. Nd2 Rf5 18. Nf3 Bxf3 19. Bxf3 Qxf2+ 20. Kxf2 e4 21. Ng1 exf3 22. Nxf3 Rh5 23. g4 Rh8 24. g5 fxg5 25. Nxg5 Rh2+ 0-1

[Event "NOR-ch Women 2019"]
[Site "Bekkestua"]
[Date "2019.03.17"]
[Round "5.4"]
[White "Kyrkjebo, Marte B."]
[Black "Nordquelle, Amelia"]
[Result "1-0"]
[ECO "B52"]
[WhiteElo "1830"]
[BlackElo "1595"]
[Annotator "NA"]
[PlyCount "89"]
[EventDate "2019.03.15"]
[EventType "swiss"]
[EventCountry "NOR"]
[SourceTitle "playchess.com"]
[Source "ChessBase"]
[SourceQuality "1"]
[TimeControl "5400+30"]

1. e4 c5 2. Nf3 d6 3. Bb5+ Bd7 4. Bxd7+ Qxd7 5. c4 Nc6 6. Nc3 g6 7. d4 cxd4 8. Nxd4 Bg7 9. Be3 Nf6 10. f3 O-O 11. O-O Rac8 12. b3 a6 13. a4 Na5 14. Rc1 Rc7 15. Nde2 Rc6 16. Nd5 e6 17. Nxf6+ Bxf6 18. c5 Rcc8 19. cxd6 Rxc1 20. Nxc1 Rd8 21. Bb6 Qc6 22. Bxd8 Bxd8 23. Qd3 b5 24. axb5 axb5 25. Ne2 e5 26. h3 Nb7 27. Rd1 Bb6+ 28. Kh2 Qc5 29. Qd5 Nd8 30. Qxc5 Bxc5 31. Rd5 Ne6 32. d7 Be7 33. Rxb5 f6 34. Rb8+ Bd8 35. Nc3 Kf7 36. Nd5 f5 37. b4 fxe4 38. fxe4 Bg5 39. b5 Nd8 40. g3 Ke6 41. h4 Be7 42. Nxe7 Kxe7 43. b6 Kxd7 44. b7 h6 45. Rxd8+ 1-0

[Event "NOR-ch Women 2019"]
[Site "Bekkestua"]
[Date "2019.03.17"]
[Round "5.5"]
[White "Helliesen, Lykke-Merlot"]
[Black "Landsverk, Ida"]
[Result "1-0"]
[ECO "A59"]
[WhiteElo "1579"]
[BlackElo "1369"]
[Annotator "NA"]
[PlyCount "69"]
[EventDate "2019.03.15"]
[EventType "swiss"]
[EventCountry "NOR"]
[SourceTitle "playchess.com"]
[Source "ChessBase"]
[SourceQuality "1"]
[TimeControl "5400+30"]

1. d4 Nf6 2. c4 c5 3. d5 b5 4. cxb5 a6 5. bxa6 Bxa6 6. Nc3 g6 7. e4 d6 8. Nf3 Bxf1 9. Kxf1 Nbd7 10. g3 Bg7 11. Kg2 O-O 12. a4 Qb6 13. Qc2 c4 14. Nb5 Nc5 15. Be3 Ng4 16. Bd4 Bxd4 17. Nfxd4 Nb3 18. Nxb3 cxb3 19. Qe2 Ne5 20. Qd1 Qa5 21. Qxb3 Qd2 22. Qc3 Qh6 23. a5 Rfc8 24. Qd4 Rc4 25. Qb6 Qd2 26. a6 Rc2 27. a7 Kg7 28. Nc7 Nc4 29. Qb7 Qxf2+ 30. Kh3 Qg2+ 31. Kh4 Qxe4+ 32. g4 Ne5 33. Rag1 Nf3+ 34. Kh3 Qf4 35. Ne6+ 1-0

[Event "NOR-ch Women 2019"]
[Site "Bekkestua"]
[Date "2019.03.17"]
[Round "5.6"]
[White "Mrachek, Svetlana"]
[Black "Lazareva, Emilie"]
[Result "0-1"]
[ECO "D12"]
[WhiteElo "1628"]
[BlackElo "1354"]
[Annotator "NA"]
[PlyCount "66"]
[EventDate "2019.03.15"]
[EventType "swiss"]
[EventCountry "NOR"]
[SourceTitle "playchess.com"]
[Source "ChessBase"]
[SourceQuality "1"]
[TimeControl "5400+30"]

1. d4 d5 2. Nf3 Nf6 3. c4 c6 4. e3 Bf5 5. b3 Nbd7 6. Bd3 Bg4 7. Nbd2 e6 8. Qc2 Bb4 9. O-O O-O 10. Ne5 Bh5 11. f4 Bd6 12. Ndf3 Bxf3 13. Rxf3 g6 14. Bd2 Rc8 15. c5 Bb8 16. b4 b6 17. Be1 Nxe5 18. fxe5 Ng4 19. h3 Nh6 20. Rf6 Kh8 21. Bh4 Ng8 22. Qf2 Nh6 23. Qf4 Ng8 24. Rf1 Qe8 25. Bg5 Kg7 26. Qg4 Bc7 27. h4 h5 28. Bh6+ Nxh6 29. Rxf7+ Rxf7 30. Qxg6+ Kh8 31. Qxh6+ Kg8 32. Qg6+ Rg7 33. Qxh5 Qxh5 0-1

[Event "NOR-ch Women 2019"]
[Site "Bekkestua"]
[Date "2019.03.17"]
[Round "5.7"]
[White "Hina, Ariza"]
[Black "Bjorkly, Sara Marie Skaug"]
[Result "1-0"]
[ECO "B02"]
[WhiteElo "1594"]
[BlackElo "1368"]
[Annotator "NA"]
[PlyCount "91"]
[EventDate "2019.03.15"]
[EventType "swiss"]
[EventCountry "NOR"]
[SourceTitle "playchess.com"]
[Source "ChessBase"]
[SourceQuality "1"]
[TimeControl "5400+30"]

1. e4 d5 2. exd5 Nf6 3. Nc3 Nxd5 4. Bc4 Nxc3 5. bxc3 e6 6. Nf3 Nd7 7. d3 g6 8. O-O Bg7 9. Bg5 Nf6 10. Qd2 h6 11. Be3 Qd6 12. Rfe1 g5 13. h3 b6 14. Nd4 e5 15. Bb5+ Bd7 16. Nf5 Qf8 17. Bd4 Bxb5 18. Rxe5+ Kd7 19. Rxb5 c5 20. Nxg7 Qxg7 21. Bxf6 Qxf6 22. Re1 Kc6 23. Rbb1 Rhe8 24. Kf1 Re6 25. Rxe6+ Qxe6 26. c4 Re8 27. Re1 Qxe1+ 28. Qxe1 Rxe1+ 29. Kxe1 Kd6 30. Ke2 Ke5 31. c3 f5 32. a4 a5 33. Ke3 f4+ 34. Kf3 h5 35. g3 Kf5 36. gxf4 gxf4 37. d4 cxd4 38. cxd4 h4 39. d5 Ke5 40. Kg4 b5 41. cxb5 Kxd5 42. Kxf4 Kc5 43. Kg4 Kb4 44. b6 Kxa4 45. b7 Ka3 46. b8=Q 1-0